 Dungeon Sprint DCSS version 0.26-a0-859-gf57989e088 (webtiles) character file.

Game seed: 8652020198601414254

7 Conn the Firebug (level 2, -5/17 HPs)
             Began as an Octopode Fire Elementalist on Nov 25, 2020.
             Was an Initiate of Sif Muna.
             Slain by a polar bear (7 damage)
             ... while paralysed by a hornet
             ... in the Dungeon (Sprint II: "The Violet Keep of Menkaure").
             The game lasted 00:02:16 (313 turns).

Conn the Firebug (Octopode Fire Elementalist)        Turns: 313, Time: 00:02:17

Health: -5/17      AC:  1    Str:  7    XL:     2   Next: 4%
Magic:  1/5        EV:  2    Int: 17    God:    Sif Muna [......]
Gold:   243        SH:  0    Dex: 12    Spells: 5/6 levels left

rFire    . . .     SeeInvis .   (no weapon)
rCold    . . .     Faith    .   (no shield)
rNeg     . . .     Spirit   .   (helmet restricted)
rPois    .         Reflect  .   (no amulet)
rElec    .         Harm     .   (no ring)
rCorr    .         Rampage  .   (no ring)
MR       .....     NoTele   +   (no ring)
Stlth    +++.......             (no ring)
HPRegen  0.05/turn              (no ring)
MPRegen  0.09/turn              (no ring)
                                (no ring)
                                (no ring)

@: paralysed, hasted and slowed
A: almost no armour, stealthy swim, amphibious, 8 rings, constrict 8, camouflage
1, gelatinous body 1
a: Renounce Religion


You were in the Dungeon.
You worshipped Sif Muna.
Sif Muna was noncommittal.
You visited 1 branch You collected 243 gold pieces.

Inventory:

Scrolls
 g - a scroll of blinking
Potions
 b - a potion of curing
 c - a potion of heal wounds
 e - 2 potions of magic


   Skills:
 + Level 2.3 Dodging
 + Level 3.3 Stealth
 + Level 0.2 Unarmed Combat
 + Level 2.5 Spellcasting
 + Level 1.0 Conjurations
 + Level 4.0 Fire Magic


You had 5 spell levels left.
You knew the following spells:

 Your Spells              Type           Power        Failure   Level
a - Foxfire               Conj/Fire      ##..         6%          1

Your spell library contained the following spells:

 Spells                   Type           Power        Failure   Level
 Conjure Flame            Conj/Fire      ##......     19%         3
 Inner Flame              Hex/Fire       #.......     24%         3
 Sticky Flame             Conj/Fire      ##......     54%         4
 Fireball                 Conj/Fire      ##........   87%         5


Dungeon Overview and Level Annotations

Branches:
Dungeon (1/1)

Altars:
Cheibriados
Dithmenos
Elyvilon
Fedhas
Gozag
Hepliaklqana
Kikubaaqudgha
Makhleb
Nemelex Xobeh
Okawaru
Qazlal
Ru
Sif Muna
Trog
Uskayaw
Vehumet
Wu Jian
Xom
Yredelemnul
Zin
The Shining One
Beogh
Jiyva
Lugonu


Innate Abilities, Weirdness & Mutations

You cannot wear most types of armour.
You are very stealthy in the water. (Stealth+)
You are amphibious.
You can wear up to eight rings at the same time.
You can use your tentacles to constrict eight enemies at once.
Your skin changes colour to match your surroundings (Stealth+).
Your rubbery body absorbs attacks. (AC +1, EV +1)


Message History

You constrict the hornet, but do no damage.
The hornet stings you.
You feel yourself slow down. The polar bear closely misses you.
The polar bear misses you. The polar bear claws you.
You tentacle-slap the hornet.
The hornet is moderately wounded.
You constrict the hornet, but do no damage.
The hornet barely misses you. The hornet stings you.
You feel as though you will be slow longer.
Unknown command.
The flying skull gives a hideous shriek!
You tentacle-slap the hornet but do no damage.
The hornet is moderately wounded.
You constrict the hornet, but do no damage.
You hear a hideous shriek!
The hornet stings you.
* * * LOW HITPOINT WARNING * * *
You suddenly lose the ability to move!
You lose your grip on the hornet.
The polar bear bites you!
You die...

≈≈.....≈#'########+##
≈≈≈≈≈..≈#_._.....#≈≈§#
≈≈≈≈≈§.§#._._....#§§≈§##
≈§≈≈≈≈≈≈#_._._...#≈§§§≈
≈≈§§≈≈≈≈#._._._..#≈≈§§§§
§≈≈§§≈≈≈#_._._._.#§§§§§§
≈≈§###≈≈#._._._._#§§§§§§
#≈§#.._._hhh#§§§§§≈
#≈≈#._._._y@#S≈≈§▓
≈§≈≈§§##########≈§≈§▓z
#######≈≈≈≈≈≈SS≈≈≈§§▓z
zzzz###≈########≈▓▓▓▓▓
°zzzz##≈# ▓▓ °.°zzz+≈#
...○z#### ....#


You could see 3 polar bears, a hornet and 3 water moccasins.

Vanquished Creatures
  2 worms (D)
2 creatures vanquished.

Vanquished Creatures (others)
  Menkaure (D)
  A water moccasin (D)
  A worm (D)
  10 foxfires (D)
13 creatures vanquished.

Grand Total: 15 creatures vanquished

Notes
Turn   | Place    | Note
-------+----------+-------------------------------------------
     0 | D        | Conn the Octopode Fire Elementalist began the quest for the
                  | Orb.
     0 | D        | Reached XP level 1. HP: 11/11 MP: 3/3
     1 | D        | Noticed a wyvern
     1 | D        | Noticed a wyvern
     4 | D        | Noticed a merfolk siren
    15 | D        | Reached skill level 4 in Fire Magic
    15 | D        | Reached XP level 2. HP: 17/17 MP: 3/5
    25 | D        | Killed Menkaure
    31 | D        | Killed a water moccasin
    38 | D        | Found an iron altar of Okawaru.
    38 | D        | Found a radiant altar of Vehumet.
    38 | D        | Found a glowing silver altar of Zin.
    39 | D        | Found a sparkling altar of Nemelex Xobeh.
    39 | D        | Found a hide-covered altar of Uskayaw.
    40 | D        | Found an opulent altar of Gozag.
    40 | D        | Found a burning altar of Makhleb.
    40 | D        | Found a bloodstained altar of Trog.
    40 | D        | Found a basalt altar of Yredelemnul.
    41 | D        | Found a blossoming altar of Fedhas.
    41 | D        | Found a corrupted altar of Lugonu.
    41 | D        | Found a shimmering blue altar of Sif Muna.
    42 | D        | Found a white marble altar of Elyvilon.
    42 | D        | Found an ancient bone altar of Kikubaaqudgha.
    43 | D        | Found a shadowy altar of Dithmenos.
    43 | D        | Found a viscous altar of Jiyva.
    44 | D        | Found a snail-covered altar of Cheibriados.
    45 | D        | Found a roughly hewn altar of Beogh.
    47 | D        | Found a shimmering altar of Xom.
    47 | D        | Found a sacrificial altar of Ru.
    47 | D        | Found a hazy altar of Hepliaklqana.
    48 | D        | Found a glowing golden altar of the Shining One.
    48 | D        | Found an ornate altar of the Wu Jian Council.
    48 | D        | Found a stormy altar of Qazlal.
    52 | D        | Noticed a flying skull
    53 | D        | Noticed a water moccasin
    53 | D        | Noticed a flying skull
    54 | D        | Noticed a flying skull
    54 | D        | Noticed a water moccasin
    55 | D        | Became a worshipper of Sif Muna the Loreminder
    74 | D        | Noticed a yaktaur
    74 | D        | Noticed a hornet
    74 | D        | Noticed a polar bear
    74 | D        | Noticed a polar bear
    78 | D        | Noticed a flying skull
    82 | D        | Noticed a flying skull
    83 | D        | Noticed a flying skull
    83 | D        | Noticed a flying skull
    83 | D        | Noticed a flying skull
    84 | D        | Noticed a flying skull
    84 | D        | Noticed a flying skull
    85 | D        | Noticed a flying skull
    87 | D        | Noticed a flying skull
   290 | D        | Noticed a polar bear
   303 | D        | Noticed a water moccasin
   303 | D        | Noticed a flying skull
   303 | D        | Noticed a flying skull
   313 | D        | Paralysed by a hornet for 1 turns
   313 | D        | Slain by a polar bear

Illustrated notes

Levels and vault maps discovered:
D:        the_violet_keep_of_menkaure [sprint2_stairs_cluster_1,
          sprint2_shoproom, sprint2_temple, sprint2_basic_supplies,
          sprint2_obstacle_2, sprint2_obstacle_1, sprint2_obstacle_3,
          sprint2_obstacle_5, sprint2_obstacle_7, sprint2_timed_cluster_1,
          sprint2_smallroom_cluster_1, sprint2_smallroom_final_cluster_1,
          sprint2_transparent_cluster_1, sprint2_second_timed_cluster_1,
          sprint2_sniper_area_1, sprint2_heavy_combat_area_1,
          sprint2_mutation_trap_area_1, sprint2_forest_area_1,
          sprint2_light_combat_area_1, sprint2_behind_water_1,
          sprint2_near_end_vault_1]

Skill      XL: |  1 |
---------------+----+-----
Stealth        | 3 |  3.3
Fire Magic     | 4 |  4.0
Dodging        | |  2.3
Unarmed Combat | |  0.2
Spellcasting   | |  2.5
Conjurations   | |  1.0

Action                   || total
-------------------------++-------
Melee: Unarmed           ||     9
       Constrict         ||     3
       Tentacles         ||     2
 Cast: Foxfire           ||     6
  Use: Potion            ||     2
Dodge: Dodged            ||     4

Table legend: (Time is in decaauts)
 A = Elapsed time spent in this place.
 B = Non-inter-level travel time spent in this place.
 C = Inter-level travel time spent in this place.
 D = Time resting spent in this place.
 E = Time spent auto-exploring this place.
 F = Levels seen in this place.
 G = Mean time per level.
                   A        B        C        D        E       F      G
               +--------+--------+--------+--------+--------+-----+--------+
         Total |    315 |    315 |      0 |    234 |      0 |   1 |  315.0 |
       Dungeon |    315 |    315 |      0 |    234 |      0 |   1 |  315.0 |
               +--------+--------+--------+--------+--------+-----+--------+

Top non-repeatable levels by time:
       D: 315 daAuts
